 Dungeon Crawl Stone Soup version 0.30.0-29-ga12c61a403 (webtiles) character file.

Game seed: 3581881344728417489

158 croobank the Firebug (level 5, -2/37 HPs)
             Began as a Demonspawn Fire Elementalist on June 5, 2023.
             Slain by a cerulean imp
             ... wielding a +2 spear
             ... summoned by Natasha
              (4 damage)
             ... on level 3 of the Dungeon.
             The game lasted 00:09:06 (2737 turns).

croobank the Firebug (Demonspawn Fire Elementalist) Turns: 2737, Time: 00:09:07

Health: -2/37      AC:  7    Str:  9    XL:     5   Next: 16%
Magic:  0/8        EV: 12    Int: 18    God:
Gold:   96         SH:  5    Dex: 13    Spells: 4/9 levels left

rFire   . . .        d - +0 dagger
rCold   . . .        (no shield)
rNeg    . . .        a - +0 robe
rPois   .            (no helmet)
rElec   .            (no cloak)
rCorr   .            l - +2 pair of gloves
SInv    .            (no boots)
Will    .....        e - amulet of reflection
Stlth   ++           (no ring)
HPRegen 0.26/turn    (no ring)
MPRegen 0.11/turn

%: reflection
@: very slightly contaminated
A: thin metallic scales 1
a: no special abilities


You were on level 3 of the Dungeon.
You visited 1 branch of the dungeon, and saw 3 of its levels.

You collected 117 gold pieces.
You spent 21 gold pieces at shops.

Inventory:

Hand Weapons
 d - a +0 dagger (weapon)
Missiles
 o - 6 boomerangs
Armour
 a - a +0 robe (worn)
 l - a +2 pair of gloves (worn)
Magical Staves
 t - a staff of earth
Jewellery
 e - an amulet of reflection (around neck)
 m - a ring of flight
 p - a +5 ring of evasion
Scrolls
 c - a scroll of teleportation
 f - a scroll of enchant armour
 n - a scroll of poison {unknown}
 q - a scroll of magic mapping
Potions
 g - a potion of curing
 h - a potion of cancellation {unknown}
 i - a potion of ambrosia
 j - a potion of haste {unknown}
 k - a potion of brilliance
 r - a potion of mutation {unknown}
 s - a potion of heal wounds {unknown}
 u - a potion of attraction {unknown}


   Skills:
 * Level 1.3 Fighting
 + Level 2.4 Dodging
 + Level 2.7 Stealth
 + Level 2.6 Spellcasting
 + Level 2.2 Conjurations
 + Level 0.3 Translocations
 + Level 3.3 Fire Magic


You had 4 spell levels left.
You knew the following spells:

 Your Spells              Type           Power      Damage    Failure   Level
a - Foxfire               Conj/Fire      48%        2x1d6     5%          1
b - Scorch                Fire           28%        2d6       7%          2
c - Blink                 Tloc           6%         N/A       22%         2

Your spell library contained the following spells:

 Spells                   Type           Power      Damage    Failure   Level
 Magic Dart               Conj           40%        1d5       7%          1
 Freeze                   Ice            8%         1d3       17%         1
 Lesser Beckoning         Tloc           6%         N/A       22%         2
 Volatile Blastmotes      Fire/Tloc      16%        2d11      24%         3
 Call Imp                 Summ           4%         N/A       26%         2
 Sublimation of Blood     Necr           2%         N/A       26%         2
 Inner Flame              Hex/Fire       8%         N/A       26%         3
 Hailstorm                Conj/Ice       6%         3d4       32%         3
 Mephitic Cloud           Conj/Pois/Air  5%         N/A       36%         3
 Gell's Gravitas          Tloc           3%         N/A       41%         3
 Teleport Other           Tloc           3%         N/A       41%         3
 Portal Projectile        Hex/Tloc       4%         N/A       43%         3
 Frozen Ramparts          Ice            4%         1d1       45%         3
 Flame Wave               Conj/Fire      12%        2d6       47%         4
 Borgnjor's Vile Clutch   Necr/Erth      1%         N/A       99%         5


Dungeon Overview and Level Annotations

Branches:
Dungeon (3/15)

Altars:
Makhleb
Okawaru
Ru
Uskayaw

Shops:
D:1 *

Annotations:
D:3 Natasha


Innate Abilities, Weirdness & Mutations

You are partially covered in thin metallic scales. (AC +2)


Message History

You miscast Foxfire.
Nothing appears to happen.
Natasha stares at you and mumbles some strange words.
The magic dart hits you.
You hit Natasha.
Natasha is almost dead.
Natasha barely misses you.
You closely miss Natasha.
Natasha is almost dead.
You block Natasha's attack.
You closely miss Natasha.
Natasha is almost dead.
Natasha casts a spell.
You hit Natasha but do no damage.
Natasha is almost dead.
Natasha claws you.
The cerulean imp hits you with a +2 spear.
* * * LOW HITPOINT WARNING * * *
Okay, then.
Okay, then.
You feel better.
Natasha casts a spell.
The cerulean imp hits you with a +2 spear.
You barely miss Natasha.
Natasha is almost dead.
Natasha claws you.
* * * LOW HITPOINT WARNING * * *
The cerulean imp hits you with a +2 spear.
* * * LOW HITPOINT WARNING * * *
Sorry, you're not good enough to have a special ability.
Okay, then.
Okay, then.
Casting: Foxfire (safe; 5% risk of failure)
Confirm with . or Enter, or press ? or * to list all spells.
Okay, then.
Casting: Foxfire (safe; 5% risk of failure)
Confirm with . or Enter, or press ? or * to list all spells.
You conjure some foxfire!
Natasha claws you.
* * * LOW HITPOINT WARNING * * *
The cerulean imp hits you from afar with a +2 spear.
You die...

.....# #........# #.# ####.#
####..#..##.# #.#
#.####.#########.#### #.#
#.#.###....#....###.# #.#
#..#..P....#.P..PP.#### #.#
#.##.......#.......##.###.#
##.......P.#..P..P...#....#
#........._Pvv.P....#....####
#####.....P.[.#.@h5.....#.......<
.....##.......#5P.P...##.###.####
#######.......#..P....#### #.#
#.###....#....###.# #.#
#รท##.#########....# #.# #.####
#.#.#.##.#.## #.#
#.######.##.###....## #.#
#...................###.##
########.##.##...........#


You could see Natasha (ally target) and 2 cerulean imps.

Vanquished Creatures
  Natasha (twice) (D:3)
  5 adders
  2 worms
  2 dart slugs
  An orc (D:3)
  7 ball pythons
  12 bats
  6 endoplasms
  A giant cockroach (D:2)
  5 goblins
  4 hobgoblins
  A quokka (D:3)
  A frilled lizard (D:1)
  A kobold (D:1)
  2 rats (D:1)
52 creatures vanquished.

Vanquished Creatures (others)
  105 foxfires
105 creatures vanquished.

Grand Total: 157 creatures vanquished

Notes
Turn   | Place    | Note
-------+----------+-------------------------------------------
     0 | D:1      | croobank the Demonspawn Fire Elementalist began the quest
                  | for the Orb.
     0 | D:1      | Reached XP level 1. HP: 13/13 MP: 3/3
   324 | D:1      | Found Hefats's Assorted Antiques.
   354 | D:1      | Gained mutation: You are partially covered in thin metallic
                  | scales. (AC +2) [demonic ancestry]
   354 | D:1      | Reached XP level 2. HP: 19/19 MP: 1/5
   401 | D:1      | Bought a scroll labelled ROSIUB MAFFEI for 21 gold pieces
   743 | D:1      | Learned a level 2 spell: Scorch
  1124 | D:2      | Reached XP level 3. HP: 24/24 MP: 0/6
  1203 | D:2      | Reached skill level 3 in Fire Magic
  1781 | D:3      | Found a burning altar of Makhleb.
  1847 | D:3      | Found an iron altar of Okawaru.
  1880 | D:3      | Reached XP level 4. HP: 30/30 MP: 1/7
  1983 | D:3      | Found a hide-covered altar of Uskayaw.
  2190 | D:3      | Noticed Natasha
  2196 | D:3      | Killed Natasha
  2197 | D:3      | Reached skill level 1 in Fighting
  2197 | D:3      | Got Sif Muna's Catalogue of Ghastly Coordinates
  2201 | D:3      | Learned a level 2 spell: Blink
  2330 | D:3      | Noticed Natasha
  2333 | D:3      | Found a faded altar of an unknown god.
  2349 | D:3      | Killed Natasha
  2350 | D:3      | Reached XP level 5. HP: 35/37 MP: 4/8
  2509 | D:3      | Found a sacrificial altar of Ru.
  2716 | D:3      | Noticed Natasha
  2737 | D:3      | Slain by a cerulean imp

Illustrated notes

Levels and vault maps discovered:
D:1:      lemuel_arrival_cross, layout_basic, serial_shops, shop
D:2:      layout_rooms
D:3:      layout_loops_ring, eat_drink_and_be_merry_uskayaw, bloody_makhleb,
          mainiacjoe_overflow_brackets, lemuel_crystal_altar,
          shapermc_ecumenical_altar_gd, dreamdust_princess_bridge, uniq_natasha

Skill      XL: |  1  2  3  4 |
---------------+-------------+-----
Stealth        | 2 |  2.7
Dodging        | 2 |  2.4
Fire Magic     | 3 |  3.3
Conjurations   | 2 |  2.2
Fighting       | 1 |  1.3
Spellcasting   | |  2.6
Translocations | |  0.3

Action                     |  1- 3 |  4- 6 || total
---------------------------+-------+-------++-------
  Melee: Dagger            |    10 |    19 ||    29
         Unarmed           |     1 |       ||     1
   Cast: Foxfire           |    48 |    14 ||    62
         Scorch            |    15 |    15 ||    30
    Use: Scroll            |     6 |       ||     6
         Potion            |       |     2 ||     2
   Stab: Sleeping          |     2 |     2 ||     4
 Armour: Robe              |     5 |     5 ||    10
  Dodge: Dodged            |    23 |    13 ||    36
  Block: Other             |     5 |     7 ||    12
